Map: Interloper LE

Players

Myhome

  • Race: Terran Terran
  • League: Diamond
  • Spawn Location: 5:00

Yata - Winner!

  • Race: Zerg Zerg
  • League: Platinum
  • Spawn Location: 11:00

VOD

Have the link to the VOD?

Description

Time

  • Played on: Sept. 30, 2017, 9:51 p.m.
  • Length: 3:55
Show
View Real Time Build Order
Export as new Build Order

Myhome Terran 

Build Orders:  

Get SALT Encoding   

  12  0:07  SCV  
Show
View Real Time Build Order
Export as new Build Order

Yata Zerg - Winner!

Build Orders: Pool First 

Get SALT Encoding   

  12  0:00  Drone  
  13  0:13  Overlord  
  13  0:20  Drone  
  14  0:31  Drone x2  
  16  1:11  Drone x3  
  19  1:23  Extractor  
  18  1:29  Spawning Pool  
  17  1:35  Drone  
  18  1:40  Drone  
  19  1:49  Drone  
  20  1:58  Drone  
  21  2:13  Drone  
  22  2:16  Hatchery  
  21  2:41  Overlord x2  
  21  2:59  Queen  
  23  3:08  Zergling x6  
  26  3:40  Drone x4, Spore Crawler  
  31  3:54  Baneling Nest  
Tags
 
Matchup
TvZ
Opening
Pool First
Replay Pack
Pack 1
Spawn Locations
Cross Positions
Add a new tag
Caveats
  • Supply blocks, unpowered buildings, or Contaminate may cause inaccurate times.
  • Supply counts are checked every 10 seconds.